 Dungeon Crawl Stone Soup version 0.31.0-32-g396128a36d (webtiles) character file.

Game seed: 11156185688576433030

1610 cdecastro the Spear-Bearer (level 8, -3/56 (64) HPs)
             Began as a Human Cinder Acolyte on Mar 22, 2024.
             Was a High Priest of Ignis.
             Slain by a wight
             ... wielding a +3 halberd of freezing
              (5 damage)
             ... on level 6 of the Dungeon.
             The game lasted 00:11:14 (5805 turns).

cdecastro the Spear-Bearer (Human Cinder Acolyte)   Turns: 5805, Time: 00:11:15

HP:   -3/56 (64)    AC:  9    Str: 18    XL:     8   Next: 95%
MP:   9/9           EV:  7    Int: 14    God:    Ignis [*****.]
Gold: 226           SH:  0    Dex:  8    Spells: 9/9 levels left

rFire   + + .        c - +3 trident
rCold   . . .        (no shield)
rNeg    . . .        p - +0 chain mail
rPois   .            d - +0 helmet
rElec   .            l - scarf {+Inv}
rCorr   .            (no gloves)
SInv    .            (no boots)
Will    .....        j - amulet of the acrobat Stlth
                     f - ring of protection from fire
HPRegen 0.29/turn    (no ring)
MPRegen 0.11/turn

%: acrobat
@: heavily drained
A: explore regen
a: Renounce Religion, Evoke Invisibility, Fiery Armour, Foxfire Swarm, Rising
Flame


You were on level 6 of the Dungeon.
You worshipped Ignis.
Ignis was extremely pleased with you.
You visited 1 branch of the dungeon, and saw 7 of its levels.

You collected 226 gold pieces.

Inventory:

Hand Weapons
 a - a -1 spear of flaming
 c - a +3 trident (weapon)
Missiles
 s - 6 boomerangs (quivered)
 A - 4 curare-tipped darts
 C - 3 poisoned darts
Armour
 d - a +0 helmet (worn)
 l - a scarf of invisibility (worn)
 p - a +0 chain mail (worn)
 w - a +0 scale mail
Jewellery
 f - a ring of protection from fire (left hand)
 j - an amulet of the acrobat (around neck)
 r - a ring of resist corrosion
Talismans
 n - a flux talisman
Wands
 B - a wand of flame (22)
Scrolls
 b - a scroll of teleportation {unknown}
 e - a scroll of fog {unknown}
 g - 5 scrolls of identify {unknown}
 i - a scroll of noise {unknown}
 k - a scroll of fear {unknown}
 o - a scroll of immolation {unknown}
 q - 2 scrolls of poison {unknown}
 v - a scroll of enchant weapon {unknown}
 y - a scroll of acquirement {unknown}
 D - a scroll of blinking {unknown}
 E - a scroll of revelation {unknown}
Potions
 h - 3 potions of curing {unknown}
 m - a potion of resistance {unknown}
 t - 2 potions of attraction {unknown}
 u - 2 potions of might {unknown}
 x - a potion of heal wounds {unknown}
 z - a potion of enlightenment {unknown}


   Skills:
 - Level 6.1 Fighting
 * Level 10.0 Polearms
 - Level 1.0 Spellcasting
 - Level 3.0 Fire Magic


You had 9 spell levels left.
You didn't know any spells.
Your spell library contained the following spells:

 Spells                   Type           Power      Damage    Failure   Level
 Scorch                   Fire           18%        2d5       77%         2
 Magic Dart               Conj           0%         1d3       96%         1
 Searing Ray              Conj           0%         2d4       99%         2
 Fulminant Prism          Conj/Alch      0%         3d5       100%        4


Dungeon Overview and Level Annotations

Branches:
Dungeon (7/15)
 Temple: D:4-7

Altars:
Gozag
Hepliaklqana
Kikubaaqudgha
Makhleb
Qazlal
Ru
Sif Muna

Shops:
D:1 :(:   D:2 (


Innate Abilities, Weirdness & Mutations

You regain HP and MP as you explore.


Message History

The wight is lightly damaged.
The wight barely misses you.
You closely miss the wight.
The wight is lightly damaged.
The wight hits you with a +3 halberd of freezing!
You feel drained. The wight freezes you.
You hit the wight.
The wight is moderately damaged.
The wight hits you with a +3 halberd of freezing.
The wight freezes you.
You hit the wight but do no damage.
The wight is moderately damaged.
The wight hits you with a +3 halberd of freezing!
* * * LOW HITPOINT WARNING * * *
You feel drained. The wight freezes you.
* * * LOW HITPOINT WARNING * * *
You hit the wight.
The wight is severely damaged.
You closely miss the wight.
The wight is severely damaged.
The wight hits you with a +3 halberd of freezing.
* * * LOW HITPOINT WARNING * * *
The wight freezes you.
* * * LOW HITPOINT WARNING * * *
You closely miss the wight.
The wight is severely damaged.
The wight hits you with a +3 halberd of freezing.
* * * LOW HITPOINT WARNING * * *
You feel drained.
* * * LOW HITPOINT WARNING * * *
The wight freezes you.
* * * LOW HITPOINT WARNING * * *
You barely miss the wight.
The wight is severely damaged.
The wight hits you with a +3 halberd of freezing!
* * * LOW HITPOINT WARNING * * *
You feel drained.
* * * LOW HITPOINT WARNING * * *
The wight freezes you.
You die...

#### . ....# .. ....# ...
....# ######## .... ....###
#######......# .....
......###.......###..#......
....#.....########..........
..........####..@z...##.....
................##..........
.....#..##.........#....#...
..........##............# #
######..#......#........# #
##........<.........# ##
###.................##
.####.†....##.###.......#
[.......#.....#


You could see a wight.

Vanquished Creatures
  Eustachio (D:3)
  Menkaure (D:7)
  2 water moccasins
  An ice beast (D:7)
  A black bear (D:5)
  An ogre (D:5)
  A centaur (D:7)
  A scorpion (D:7)
  A wight (D:6)
  3 hounds
  A jelly (D:5)
  A bombardier beetle (D:5)
  3 orc priests
  A sleepcap (D:5)
  Natasha (thrice) (D:4)
  An iguana (D:5)
  6 orc wizards
  8 adders
  2 dart slugs
  A ribbon worm (D:3)
  20 orcs
  10 ball pythons
  11 endoplasms
  5 giant cockroaches
  7 goblins
  10 hobgoblins
  3 quokkas
  4 bats
  4 frilled lizards
  6 kobolds
  5 rats
125 creatures vanquished.

Notes
Turn   | Place    | Note
-------+----------+-------------------------------------------
     0 | D:1      | cdecastro the Human Cinder Acolyte began the quest for the
                  | Orb.
     0 | D:1      | Reached XP level 1. HP: 18/18 MP: 2/2
   159 | D:1      | Reached XP level 2. HP: 13/24 MP: 3/3
   392 | D:1      | Reached XP level 3. HP: 30/30 MP: 4/4
   564 | D:1      | Found Mogaifai's Weapon Boutique.
   692 | D:1      | Found Hopt's Book Emporium.
   748 | D:1      | Found Qikim's Book Shoppe.
  1281 | D:2      | Found Zefim's Antique Weapon Boutique.
  1863 | D:3      | Reached XP level 4. HP: 30/38 MP: 5/5
  1969 | D:3      | Found a sacrificial altar of Ru.
  1985 | D:3      | Reached skill level 5 in Fighting
  2459 | D:3      | Found a burning altar of Makhleb.
  2474 | D:3      | Found an opulent altar of Gozag.
  2483 | D:3      | Reached XP level 5. HP: 38/44 MP: 6/6
  2770 | D:4      | Noticed Eustachio
  3123 | D:4      | Found a stormy altar of Qazlal.
  3607 | D:4      | Noticed Natasha
  3620 | D:4      | Killed Natasha
  3749 | D:4      | Noticed Natasha
  3760 | D:4      | Killed Natasha
  3761 | D:4      | Reached XP level 6. HP: 50/52 MP: 7/7
  3768 | D:4      | Reached skill level 4 in Polearms
  3941 | D:4      | Noticed Natasha
  3981 | D:3      | Killed Eustachio
  3982 | D:3      | Reached skill level 5 in Polearms
  4095 | D:4      | Killed Natasha
  4096 | D:4      | Reached XP level 7. HP: 58/58 MP: 8/8
  4165 | D:4      | Found a shimmering blue altar of Sif Muna.
  4316 | D:5      | Entered Level 5 of the Dungeon
  4423 | D:5      | Found a hazy altar of Hepliaklqana.
  4447 | D:5      | Reached skill level 6 in Polearms
  4612 | D:5      | Reached skill level 7 in Polearms
  4756 | D:5      | Reached XP level 8. HP: 52/64 MP: 9/9
  5308 | D:6      | Found an ancient bone altar of Kikubaaqudgha.
  5335 | D:6      | Reached skill level 8 in Polearms
  5411 | D:6      | Noticed Menkaure
  5443 | D:7      | Reached skill level 9 in Polearms
  5599 | D:7      | Killed Menkaure
  5779 | D:6      | Reached skill level 10 in Polearms
  5805 | D:6      | HP: 2/56 [wight/+3 halberd of freezing (2)]
  5805 | D:6      | Slain by a wight

Illustrated notes

Levels and vault maps discovered:
D:1:      dpeg_arrival_arbitrary_b, layout_basic, serial_shops,
          nicolae_shop_back_alley_shop, nicolae_shop_statue_plus, shop
D:2:      layout_loops_ring, serial_glass, glass_columns_a, glass_columns_a,
          minmay_strange_pillars, item_on_display_a, serial_shops,
          nicolae_shop_statue_plus, minmay_misc_feat_cross
D:3:      layout_basic, nicolae_ru_great_annihilating_truth,
          jmf_multi_god_temple2, serial_co_window_serial, co_window_corner_a,
          co_window_paths_a, co_window_paths_b, co_window_paths_a,
          co_window_corner_a, co_window_of_opportunity_a, co_window_2corner,
          co_window_of_opportunity_c, co_window_broadway_c,
          co_window_unsneaky_path_c, co_window_paths_c, glass_columns_a,
          glass_columns_a, glass_columns_a
D:4:      layout_gridville, grunt_qazlal_clouds, kennysheep_orc_sif_temple,
          kennysheep_minor_cross, uniq_eustachio, uniq_natasha
D:5:      layout_loops_corners, overflow_temple_1_default
D:6:      minmay_flawed_box, layout_rooms, overflow_temple_1_default,
          uniq_menkaure
D:7:      bobbens_index_wilting_gardens, layout_loops_corners,
          minmay_temple_entry_butterflies

Skill      XL: |  1  2  3  4  5  6  7  8 |
---------------+-------------------------+-----
Fighting       | 4 5 6 |  6.1
Polearms       | 5 7 10 | 10.0
Spellcasting   | |  1.0
Fire Magic     | |  3.0

Action                     |  1- 3 |  4- 6 |  7- 9 || total
---------------------------+-------+-------+-------++-------
  Melee: Spear             |   191 |   172 |       ||   363
         Trident           |       |    61 |   162 ||   223
         Punch             |       |     2 |     4 ||     6
  Throw: Dart              |       |       |     6 ||     6
 Invoke: Fiery Armour      |       |     1 |     1 ||     2
   Stab: Invisible         |       |     2 |       ||     2
         Paralysed         |       |     1 |       ||     1
 Armour: Scale mail        |   102 |       |       ||   102
         Chain mail        |     8 |   186 |   119 ||   313
  Dodge: Dodged            |    72 |   101 |    62 ||   235
